 Dungeon Crawl Stone Soup version 0.30.0-29-ga12c61a403 (webtiles) character file.

Game seed: 7846988174394447088

34 Peloso the Covered (level 3, -4/33 HPs)
             Began as a Minotaur Fighter on June 25, 2023.
             Slain by an orc warrior
             ... wielding a +0 heavy war axe
              (16 damage)
             ... on level 2 of the Dungeon.
             The game lasted 00:02:23 (1099 turns).

Peloso the Covered (Minotaur Fighter)               Turns: 1099, Time: 00:02:23

Health: -4/33      AC:  7    Str: 26    XL:     3   Next: 14%
Magic:  2/2        EV:  9    Int:  5    God:
Gold:   82         SH:  4    Dex: 11    Spells: 2/2 levels left

rFire   . . .        a - +0 long sword
rCold   . . .        c - +0 buckler
rNeg    . . .        b - +0 scale mail
rPois   .            (helmet restricted)
rElec   .            (no cloak)
rCorr   .            (no gloves)
SInv    .            (no boots)
Will    .....        (no amulet) Stlth
                     j - +6 ring of strength
HPRegen 0.25/turn    (no ring)
MPRegen 0.08/turn

%: no passive effects
@: mighty
A: horns 2, retaliatory headbutt
a: no special abilities


You were on level 2 of the Dungeon.
You visited 1 branch of the dungeon, and saw 3 of its levels.

You collected 82 gold pieces.

Inventory:

Hand Weapons
 a - a +0 long sword (weapon)
Armour
 b - a +0 scale mail (worn)
 c - a +0 buckler (worn)
Jewellery
 j - a +6 ring of strength (left hand)
Scrolls
 e - 2 scrolls of immolation {unknown}
 g - a scroll of identify {unknown}
 h - a scroll of teleportation {unknown}
 i - a scroll of acquirement {unknown}
Potions
 f - a potion of mutation {unknown}
 k - a potion of heal wounds {unknown}
 l - a potion of curing {unknown}


   Skills:
 + Level 4.0 Fighting
 + Level 3.1 Long Blades
 + Level 4.1 Armour
 + Level 4.0 Shields


You had 2 spell levels left.
You didn't know any spells.
Your spell library contained the following spells:

 Spells                   Type           Power      Damage    Failure   Level
 Summon Small Mammal      Summ           0%         N/A       80%         1
 Call Canine Familiar     Summ           0%         N/A       99%         3
 Summon Guardian Golem    Hex/Summ       0%         N/A       99%         3


Dungeon Overview and Level Annotations

Branches:
Dungeon (3/15)

Altars:

Shops:
D:1 [

Annotations:
D:2 Sigmund


Innate Abilities, Weirdness & Mutations

You have a pair of horns on your head.
You reflexively headbutt those who attack you in melee.


Message History

Beogh smites you!
You hear a shout!
An orc priest is nearby!
An orc priest is nearby!
An orc comes into view. It is wielding a +0 whip.
Found a stone staircase leading down.
The orc shouts!
You hear a shout! x2
The orc priest mumbles some strange prayers to Beogh against you.
Beogh smites you!
* * * LOW HITPOINT WARNING * * *
An orc warrior comes into view. It is wielding a +0 heavy war axe.
A goblin comes into view. It is wielding a +0 dagger.
The goblin shouts!
Found a book of Callings.
There is a stone staircase leading up here.
You climb upwards.
Level annotation: Sigmund
Found a buckler.
There is a stone staircase leading down here.
You start resting.
HP restored.
You can't go up here!
You climb downwards.
You block the goblin's attack. The orc warrior barely misses you.
The goblin barely misses you.
There is a stone staircase leading up here.
You block the orc warrior's attack. The goblin hits you but does no damage.
The orc closely misses you.
You climb upwards.
Level annotation: Sigmund
There is a stone staircase leading down here.
You feel very mighty all of a sudden. The goblin closely misses you.
The orc hits you with a +0 whip.
The orc warrior hits you with a +0 heavy war axe!!
Ouch! That really hurt!
Unknown command.
You slash the goblin!
You kill the goblin!
The orc closely misses you.
The orc warrior hits you with a +0 heavy war axe!
You die...

##########
######.........
#..............
#..............
#..............
.......@o......
......o).......
...............
....[..........
......#+#####..
...... . ......
......


You could see an orc warrior and an orc.

Vanquished Creatures
  2 endoplasms (D:3)
  3 giant cockroaches (D:1)
  2 goblins
  3 kobolds (D:3)
  3 quokkas (D:1)
  3 ball pythons (D:3)
  6 bats
  4 frilled lizards
  8 rats
34 creatures vanquished.

Notes
Turn   | Place    | Note
-------+----------+-------------------------------------------
     0 | D:1      | Peloso the Minotaur Fighter began the quest for the Orb.
     0 | D:1      | Reached XP level 1. HP: 19/19 MP: 0/0
   174 | D:1      | Found Wuciroho's Armour Shoppe.
   252 | D:1      | Reached XP level 2. HP: 27/27 MP: 1/1
   596 | D:2      | Noticed Sigmund
   874 | D:3      | Reached XP level 3. HP: 33/33 MP: 2/2
   976 | D:3      | Noticed an orc warrior
  1099 | D:2      | Slain by an orc warrior

Illustrated notes

Levels and vault maps discovered:
D:1:      elethiomel_arrival_shortcut, layout_loops_cross, serial_shops,
          nicolae_shop_just_a_little_nook
D:2:      layout_basic, serial_glass, glass_columns_a, glass_columns_c,
          glass_columns_b, glass_columns_c, serial_shops, shop_statue,
          minmay_pentomino_o4, uniq_sigmund
D:3:      layout_basic

Skill      XL: |  1  2 |
---------------+-------+-----
Shields        | 4 |  4.0
Armour         | 4 |  4.1
Fighting       | 4 |  4.0
Long Blades    | 3 |  3.1

Action                     || total
---------------------------++-------
  Melee: Long sword        ||    69
         Headbutt          ||     9
    Use: Potion            ||     1
 Armour: Scale mail        ||    39
  Dodge: Dodged            ||    33
  Block: Buckler           ||    16
